 Dungeon Crawl Stone Soup version 0.29.1-debian-4-g95531337e3 (webtiles) character file.

Game seed: 15314975045743308918

48 Malachi the Slasher (level 3, 26/26 HPs)
             Began as a Ghoul Gladiator on Sept 13, 2022.
             Was a Follower of Hepliaklqana.
             Safely got out of the dungeon.
             The game lasted 00:01:24 (1606 turns).

Malachi the Slasher (Ghoul Gladiator)               Turns: 1606, Time: 00:01:24

Health: 26/26      AC:  4    Str: 17    XL:     3   Next: 72%
Magic:  2/2        EV: 12    Int:  3    God:    Hepliaklqana [*.....]
Gold:   106        SH:  0    Dex: 12    Spells: 2/2 levels left

rFire   . . .      SeeInvis .   a - +0 long sword
rCold   + . .      Faith    .   (no shield)
rNeg    + + +      Spirit   .   b - +0 leather armour
rPois   ∞          Reflect  .   c - +0 helmet
rElec   .          Harm     .   (no cloak)
rCorr   .          Rampage  .   (no gloves)
Will    .....                   (no boots)
Stlth   +.........              (no amulet)
HPRegen 0.08/turn               (no ring)
MPRegen 0.08/turn               (no ring)

@: no status effects
A: reduced essence, claws 1, cold resistance 1, negative energy resistance 3,
inhibited regeneration, torment resistance 2, devour on kill
a: Renounce Religion, Recall Ancestor, Ancestor Identity


You escaped.
You worshipped Hepliaklqana.
Hepliaklqana was aware of your devotion.
You visited 1 branch of the dungeon, and saw 3 of its levels.

You collected 106 gold pieces.

Inventory:

Hand Weapons
 a - a +0 long sword (weapon)
Missiles
 d - 3 throwing nets (quivered)
 e - a javelin
Armour
 b - a +0 leather armour (worn)
 c - a +0 helmet (worn)
Jewellery
 k - a ring of magical power
 l - an amulet of magic regeneration
Scrolls
 f - a scroll of summoning {unknown}
 i - 3 scrolls of identify {unknown}
 j - a scroll of vulnerability {unknown}
 o - a scroll of noise {unknown}
Potions
 g - a potion of haste {unknown}
 h - a potion of invisibility {unknown}
 m - a potion of brilliance {unknown}
 n - a potion of mutation {unknown}


   Skills:
 - Level 2.1 Fighting
 + Level 4.1 Long Blades
 - Level 1.7 Throwing
 - Level 2.6 Dodging


You had 2 spell levels left.
You didn't know any spells.
Your spell library contained the following spells:

 Spells                   Type           Power      Damage    Failure   Level
 Sandblast                Erth           0%         2d4       58%         1
 Passwall                 Tmut/Erth      0%         N/A       75%         2
 Stone Arrow              Conj/Erth      0%         3d7       92%         3


Dungeon Overview and Level Annotations

Branches:
Dungeon (3/15)

Altars:
Hepliaklqana
Okawaru

Shops:
D:1 [


Innate Abilities, Weirdness & Mutations

Your life essence is reduced to manifest your ancestor. (-10% HP)
You are immune to poison.
You have sharp fingernails.
Your flesh is cold resistant. (rC+)
You are immune to negative energy. (rN+++)
You do not regenerate when monsters are visible.
You are immune to unholy pain and torment.
You thrive by killing the living.


Message History

The kobold shouts!
There is a stone staircase leading up here.
Unknown command.
There are monsters nearby!
There are monsters nearby!
There are monsters nearby!
You swap places.
You hit the endoplasm.
The endoplasm is severely wounded.
The endoplasm freezes you.
You are frozen.
You resist.
Zdislav hits the endoplasm.
The endoplasm dies!
You hit the kobold.
The kobold is severely wounded.
The kobold barely misses you.
You barely miss the kobold.
The kobold is severely wounded.
Zdislav hits the kobold but does no damage.
The kobold barely misses Zdislav.
You hit the kobold but do no damage.
The kobold is severely wounded.
Zdislav closely misses the kobold.
The kobold barely misses you.
You hit the kobold but do no damage.
The kobold is severely wounded.
Zdislav hits the kobold.
The kobold dies!
No target in view!
No target in view!
There is a stone staircase leading up here.
You climb upwards.
There is a stone staircase leading down here.
Unknown command.
HP restored.
There is a stone staircase leading down here.
There is a stone staircase leading up here.
You climb upwards.
There is a stone staircase leading down here.
There is a staircase leading out of the dungeon here.
Are you sure you want to leave the Dungeon?
This will make you lose the game!
You have escaped!

#.≈~≈≈≈≈≈≈≈≈≈≈≈
#...~≈≈≈≈≈≈≈≈≈~_
#.#..≈≈≈≈≈≈≈≈≈≈≈~#
#.#..~≈≈≈≈≈≈≈≈≈≈≈#
#.#...≈≈≈≈≈≈≈≈≈≈≈#
#.....~≈≈≈≈≈≈≈≈≈≈#
##.....≈≈≈≈≈≈≈≈≈≈#
#..##.~≈≈≈≈≈≈≈≈≈#
#..@#..~≈≈≈≈≈≈≈≈#
#...R...~~~≈≈≈≈≈#
#.###.....~~~~~~#
#..#...........~#
##.#.##....######
### #.........#
..# ####.#....#
..# #.#....#
..##########
##.(..###


You could see the friendly Zdislav the ancestor.

Vanquished Creatures
  An adder (D:2)
  A dart slug (D:2)
  9 endoplasms
  A hobgoblin (D:2)
  2 kobolds
  3 quokkas
  4 ball pythons
  2 bats (D:1)
  2 frilled lizards
  4 goblins (D:2)
  2 rats (D:1)
  A spectral goblin (D:2)
32 creatures vanquished.

Vanquished Creatures (collateral kills)
  An endoplasm (D:3)
  A kobold (D:3)
2 creatures vanquished.

Grand Total: 34 creatures vanquished

Notes
Turn   | Place    | Note
-------+----------+-------------------------------------------
     0 | D:1      | Malachi the Ghoul Gladiator began the quest for the Orb.
     0 | D:1      | Reached XP level 1. HP: 17/17 MP: 0/0
    57 | D:1      | Reached skill level 3 in Long Blades
   275 | D:1      | Reached XP level 2. HP: 24/24 MP: 1/1
   445 | D:1      | Found Nex Qasm's Armour Emporium.
   602 | D:1      | Found an iron altar of Okawaru.
   723 | D:2      | Reached XP level 3. HP: 23/29 MP: 2/2
   910 | D:2      | Reached skill level 4 in Long Blades
   910 | D:2      | Found a faded altar of an unknown god.
  1033 | D:2      | Prayed at the altar of an unknown god.
  1033 | D:2      | Became a worshipper of Hepliaklqana the Forgotten
  1033 | D:2      | Reached * piety under Hepliaklqana
  1606 | D:$      | Safely got out of the dungeon.

Illustrated notes

Levels and vault maps discovered:
D:1:      dpeg_arrival_water_altar, layout_rooms, serial_shops,
          nicolae_shop_waterfront
D:2:      layout_loops_ring, dreamdust_ecumenical_altar_drowned_temple,
          kennysheep_generic_room_14
D:3:      layout_basic, kennysheep_ying_yang, overflow_temple_1_default,
          serial_shops, shop, minmay_goblin_kobold_house, uniq_sigmund

Skill      XL: |  1  2  3 |
---------------+----------+-----
Long Blades    | 3 4 |  4.1
Fighting       | |  2.1
Throwing       | |  1.7
Dodging        | |  2.6

Action                   || total
-------------------------++-------
Melee: Long sword        ||    99
       Punch             ||     2
 Stab: Sleeping          ||     1
Armor: Leather armour    ||    20
Dodge: Dodged            ||    66
